 Dungeon Crawl Stone Soup version 0.28-a0-973-ga7f8b01127 (webtiles) character file.

Game seed: 7945633491560505472

7 cheechan the Gusty (level 2, -2/17 HPs)
             Began as an Octopode Air Elementalist on Dec 1, 2021.
             Slain by a quokka (3 damage)
             ... on level 1 of the Dungeon.
             The game lasted 00:02:01 (399 turns).

cheechan the Gusty (Octopode Air Elementalist)       Turns: 399, Time: 00:02:02

Health: -2/17      AC:  1    Str:  7    XL:     2   Next: 0%
Magic:  2/5        EV: 13    Int: 17    God:
Gold:   17         SH:  0    Dex: 12    Spells: 4/5 levels left

rFire   . . .      SeeInvis .   f - +0 hand axe
rCold   . . .      Faith    .   (no shield)
rNeg    . . .      Spirit   .   (helmet restricted)
rPois   .          Reflect  .   (no amulet)
rElec   .          Harm     .   a - ring of resist corrosion
rCorr   +          Rampage  .   (no ring)
Will    .....                   (no ring)
Stlth   +++.......              (no ring)
HPRegen 0.05/turn               (no ring)
MPRegen 0.09/turn               (no ring)
                                (no ring)
                                (no ring)

@: no status effects
A: almost no armour, amphibious, 8 rings, camouflage 1, gelatinous body 1,
(nimble swimmer 1), tentacles
a: no special abilities


You were on level 1 of the Dungeon.
You visited 1 branch of the dungeon, and saw 1 of its levels.

You collected 17 gold pieces.

Inventory:

Hand Weapons
 f - a +0 hand axe (weapon)
Missiles
 c - 38 bolts
Jewellery
 a - a ring of resist corrosion (left tentacle)
Scrolls
 b - 2 scrolls of teleportation {unknown}
 e - a scroll of identify {unknown}


   Skills:
 + Level 2.0 Dodging
 + Level 2.6 Stealth
 + Level 2.0 Spellcasting
 + Level 1.0 Conjurations
 + Level 3.4 Air Magic


You had 4 spell levels left.
You knew the following spells:

 Your Spells              Type           Power      Damage    Failure   Level
a - Shock                 Conj/Air       36%        1d5       8%          1

Your spell library contained the following spells:

 Spells                   Type           Power      Damage    Failure   Level
 Static Discharge         Conj/Air       9%         N/A       12%         2
 Swiftness                Air            13%        N/A       14%         3
 Airstrike                Air            6%         N/A       43%         4


Dungeon Overview and Level Annotations

Branches:
Dungeon (1/15)

Altars:


Innate Abilities, Weirdness & Mutations

You cannot wear most types of armour.
You are amphibious.
You can wear up to eight rings at the same time.
Your skin changes colour to match your surroundings (Stealth+).
Your rubbery body absorbs attacks. (AC +1, EV +1)
((You are camouflaged near water. (Stealth+)))
You have tentacles for arms and can constrict up to eight enemies at once.


Message History

Okay, then.
Casting: Shock (safe; 8% risk of failure)
Confirm with . or Enter, or press ? or * to list all spells.
Aiming: Shock (safe; 8% risk of failure)
Press: ? - help, Shift-Dir - straight line, f - ball python
Aim: a ball python (asleep, 100% to hit)
The zap hits the ball python.
The ball python is moderately wounded.
The ball python hisses angrily.
Unknown command.
Casting: Shock (safe; 8% risk of failure)
Confirm with . or Enter, or press ? or * to list all spells.
You can't see any susceptible monsters within range! (Use Z to cast anyway.) Unknown command.
A quokka comes into view.
The ball python bites you. The ball python barely misses you.
You hit the ball python.
You kill the ball python!
You have reached level 2!
Casting: Shock (safe; 8% risk of failure)
Confirm with . or Enter, or press ? or * to list all spells.
Aiming: Shock (safe; 8% risk of failure)
Press: ? - help, Shift-Dir - straight line That beam is likely to hit you.
Continue anyway?
Okay, then.
You closely miss the quokka. Your grab misses the quokka.
The quokka closely misses you. The quokka bites you.
You miss the quokka. Your grab misses the quokka.
You squeeze the quokka, but do no damage.
The quokka closely misses you.
You hit the quokka. Your grab misses the quokka.
The quokka is severely wounded.
The quokka bites you.
* * * LOW HITPOINT WARNING * * *
The quokka bites you.
* * * LOW HITPOINT WARNING * * *
You closely miss the quokka. Your grab misses the quokka.
The quokka is severely wounded.
The quokka bites you.
You die...

##### #...
########.#
#........#####
#.###.....).@# #.#
#.#..###r.......
#.###.#..###........
#........†..#.......
#..##.#..##.###.....
.. #..##.......#
.###.#..
#..####..##.# ..#...
#..# ##.##.## #.#.##
#..# #.#...## .....


You could see a quokka.

Vanquished Creatures
  An endoplasm (D:1)
  A giant cockroach (D:1)
  A hobgoblin (D:1)
  2 ball pythons (D:1)
  A frilled lizard (D:1)
  A rat (D:1)
7 creatures vanquished.

Notes
Turn   | Place    | Note
-------+----------+-------------------------------------------
     0 | D:1      | cheechan the Octopode Air Elementalist began the quest for
                  | the Orb.
     0 | D:1      | Reached XP level 1. HP: 11/11 MP: 3/3
   396 | D:1      | Reached XP level 2. HP: 10/17 MP: 1/5
   399 | D:1      | Slain by a quokka

Illustrated notes

Levels and vault maps discovered:
D:1:      evilmike_arrival_crescent, layout_loops_ring

Action                   || total
-------------------------++-------
Melee: Unarmed           ||     6
       Dagger            ||     4
       Hand axe          ||     5
       Tentacles         ||     2
       Constrict         ||     1
 Cast: Shock             ||     6
Armor: Skin              ||     5
Dodge: Dodged            ||     8

Table legend: (Time is in decaauts)
 A = Elapsed time spent in this place.
 B = Non-inter-level travel time spent in this place.
 C = Inter-level travel time spent in this place.
 D = Time resting spent in this place.
 E = Time spent auto-exploring this place.
 F = Levels seen in this place.
 G = Mean time per level.
                   A        B        C        D        E       F      G
               +--------+--------+--------+--------+--------+-----+--------+
         Total |    398 |    398 |      0 |      0 |      0 |   1 |  398.0 |
       Dungeon |    398 |    398 |      0 |      0 |      0 |   1 |  398.0 |
               +--------+--------+--------+--------+--------+-----+--------+

Top non-repeatable levels by time:
     D:1: 398 daAuts
